Admirals vs Icehogs
(R1)
Created - November 18, 2025 at 21:49
Goals
|
| Admirals |
4 |
3 |
1 |
8 |
| Icehogs |
1 |
1 |
1 |
3 |
|
Shots
|
| Admirals |
16 |
17 |
11 |
44 |
| Icehogs |
7 |
9 |
10 |
26 |
|
1st period
1. Icehogs , Sergey Tolchinsky 3 (Nikita Scherbak 4, Dillon Dube 8) at 1:20 (PP)
2. Admirals , Hunter Shinkaruk 2 (Joel Armia 6, Ian Mitchell 3) at 3:05
3. Admirals , Filip Chlapik 1 (Milos Kelemen 1, Sean Durzi 2) at 13:23
4. Admirals , Josh Wesley 1 (Joel Armia 7, Lucas Wallmark 3) at 18:11
5. Admirals , Joel Armia 5 (Hunter Shinkaruk 7, Lucas Wallmark 4) at 19:03 (PP)
Penalties :
Josh Norris (Mil) for Elbowing (Minor) at 0:41, Nikita Okhotyuk (Roc) for Delaying the game (Minor) at 18:56
2nd period
6. Icehogs , Andrew Poturalski 1 (Eamon Powell 1) at 4:28
7. Admirals , Pavol Regenda 3 (Reilly Walsh 3, Kasper Bjorkqvist 2) at 12:53
8. Admirals , Gage Goncalves 1 (Ty Smilanic 1, Josh Wesley 2) at 14:15
9. Admirals , Lucas Wallmark 6 (Joel Armia 8, Olli Juolevi 6) at 19:15
Penalties :
JJ. Piccinich (Roc) for High sticking (Minor) at 1:02, Sean Durzi (Mil) for Slashing (Minor) at 5:01
3rd period
10. Icehogs , Dillon Dube 2 (Nikita Scherbak 5, Julius Honka 2) at 3:05
11. Admirals , Milos Kelemen 2 (Tobias Bjornfot 3, Jack Quinn 1) at 17:40
Penalties :
JJ. Piccinich (Roc) for Hooking (Minor) at 8:01, Hunter Shinkaruk (Mil) for Interference (Minor) at 14:49
Goalie Stats
Zachary Emond (Mil), 23 saves from 26 shots - (0.885), W, 2-0-0, 60:00 minutes
Mackenzie Blackwood (Roc), 12 saves from 16 shots - (0.750), L, 2-3-0, 19:03 minutes
Oscar Dansk (Roc), 24 saves from 28 shots - (0.857), 40:57 minutes
Players Stats for Admirals
Player Name G A P +/- PIM S H SB GA TA FO MP PP MP PK MP
------------------------------------------------------------------------------------
0 0 0 0 0 0 0 0 0 0 0/0 0:00 0:00 0:00
0 0 0 0 0 0 0 0 0 0 0/0 0:00 0:00 0:00
0 0 0 0 0 0 0 0 0 0 0/0 0:00 0:00 0:00
0 0 0 0 0 0 0 0 0 0 0/0 0:00 0:00 0:00
0 0 0 0 0 0 0 0 0 0 0/0 0:00 0:00 0:00
Dylan Peterson 0 0 0 1 0 0 0 0 0 0 0/0 6:42 0:00 0:00
Filip Chlapik 1 0 1 2 0 1 0 0 0 0 5/7 12:09 0:00 0:00
Gage Goncalves 1 0 1 1 0 1 0 0 0 0 1/4 6:58 0:00 0:08
Hunter Shinkaruk 1 1 2 2 2 3 4 0 1 0 2/2 21:35 2:16 1:22
Ian Mitchell 0 1 1 2 0 5 1 2 1 0 0/0 21:40 1:56 2:27
Jack Quinn 0 1 1 2 0 3 0 1 0 0 0/0 13:23 0:00 1:14
Joel Armia 1 3 4 2 0 8 2 0 2 0 2/4 22:25 2:16 2:19
Josh Norris 0 0 0 0 2 1 2 0 0 0 3/9 17:14 1:49 0:57
Josh Wesley 1 1 2 2 0 3 0 1 0 0 0/0 11:38 0:00 0:00
Kasper Bjorkqvist 0 1 1 0 0 1 0 2 0 0 0/1 16:47 1:49 0:47
Lucas Wallmark 1 2 3 2 0 6 3 0 1 0 13/33 20:53 2:16 0:47
Mark Kastelic 0 0 0 0 0 0 0 0 0 0 0/0 0:00 0:00 0:00
Matt Kessel 0 0 0 0 0 0 0 0 0 0 0/0 3:58 0:00 0:09
Milos Kelemen 1 1 2 2 0 4 0 0 0 0 0/0 12:09 0:00 0:00
Olli Juolevi 0 1 1 1 0 1 0 2 1 0 0/0 26:42 2:09 2:10
Pavol Regenda 1 0 1 0 0 3 3 0 0 0 0/0 16:29 1:49 0:21
Reilly Walsh 0 1 1 1 0 0 3 2 1 1 0/0 23:44 2:09 2:10
Sean Durzi 0 1 1 2 2 1 1 3 0 1 0/0 20:07 1:56 1:28
Tobias Bjornfot 0 1 1 2 0 2 1 1 0 0 0/0 12:28 0:00 0:50
Ty Smilanic 0 1 1 1 0 1 1 0 0 0 0/0 8:19 0:00 1:19
Players Stats for Icehogs
Player Name G A P +/- PIM S H SB GA TA FO MP PP MP PK MP
------------------------------------------------------------------------------------
0 0 0 0 0 0 0 0 0 0 0/0 0:00 0:00 0:00
0 0 0 0 0 0 0 0 0 0 0/0 0:00 0:00 0:00
0 0 0 0 0 0 0 0 0 0 0/0 0:00 0:00 0:00
0 0 0 0 0 0 0 0 0 0 0/0 0:00 0:00 0:00
0 0 0 0 0 0 0 0 0 0 0/0 0:00 0:00 0:00
Andrew Poturalski 1 0 1 -1 0 2 4 0 1 0 6/10 17:39 2:00 1:05
Calle Andersson 0 0 0 -2 0 0 0 1 1 1 0/0 19:30 1:39 1:56
Clark Bishop 0 0 0 -2 0 3 0 0 0 0 2/3 7:15 0:00 0:00
Connor Zary 0 0 0 -1 0 1 3 1 0 0 3/7 12:25 0:00 0:30
Declan Chisholm 0 0 0 -1 0 0 1 0 0 0 0/0 12:32 0:00 0:00
Dillon Dube 1 1 2 -1 0 2 3 0 0 0 21/36 21:33 2:20 2:16
Eamon Powell 0 1 1 -1 0 0 3 1 0 2 0/0 12:38 0:00 0:00
Egor Afanasyev 0 0 0 0 0 0 0 0 0 0 0/0 0:00 0:00 0:00
Gabriel Fortier 0 0 0 -1 0 6 2 0 0 0 0/0 11:47 0:20 0:00
Jaedon Descheneau 0 0 0 -2 0 0 0 0 0 0 0/0 7:42 0:10 0:00
Jeremy Davies 0 0 0 -2 0 3 1 1 0 0 0/0 23:29 2:58 2:09
JJ. Piccinich 0 0 0 -1 4 0 3 1 0 0 0/0 17:23 2:00 0:00
Julius Honka 0 1 1 -2 0 0 3 0 0 1 0/0 27:52 2:58 2:09
Max Jones 0 0 0 -2 0 1 1 0 0 0 0/0 9:24 0:17 0:38
Mitchell Chaffee 0 0 0 -1 0 0 0 0 0 0 0/0 11:18 0:00 0:00
Nikita Okhotyuk 0 0 0 0 2 0 1 0 0 0 0/0 4:28 0:00 0:00
Nikita Scherbak 0 2 2 -1 0 2 2 0 0 0 1/3 19:27 2:24 0:00
Nils Hoglander 0 0 0 -1 0 1 1 0 0 1 0/0 18:10 2:00 1:22
Sergey Tolchinsky 1 0 1 -1 0 3 1 0 0 1 1/1 21:49 2:20 2:19
Zach Whitecloud 0 0 0 -2 0 2 1 0 0 1 0/0 19:30 1:39 1:56
3 Stars
1 - Joel Armia (Mil)
2 - Lucas Wallmark (Mil)
3 - Hunter Shinkaruk (Mil)
Power Play
Admirals - 1 on 4 Attempt(s) - 25.00%
Icehogs - 1 on 2 Attempt(s) - 50.00%
Penalty Kill
Admirals - 1 on 2 Attempt(s) - 50.00%
- Score 0 goal in Penalty Kill
Icehogs - 3 on 4 Attempt(s) - 75.00%
- Score 0 goal in Penalty Kill
Team Stat
Admirals - Hits : 21 - Faceoff Wins : 26 - Blocked Shots : 14 - Penalty Minutes : 6
Icehogs - Hits : 30 - Faceoff Wins : 34 - Blocked Shots : 5 - Penalty Minutes : 6
Official
Referees : Wes McCauley and Frederick L'Ecuyer
Linesman : Derek Nansen and Brian Mach
Game Notes
Oscar Dansk enters game at 19:03 of 1st period
19:19 of 3rd period - Penalty Shot by Jeremy Davies for Icehogs - Stopped by Zachary Emond
Finance
Level 1 -- Attendance: 2000 (100.00%) -- Ticket Income $140,000
Level 2 -- Attendance: 871 (87.10%) -- Ticket Income $34,840
Total Attendance: 2871 (95.70%)
Total Ticket Income: $174,840
Other Income: $8,742
Total Income: $183,582
Admirals
5 vs 5 Forward
Center Left Wing Right Wing Time % Phy DF OF
1 Lucas Wallmark Hunter Shinkaruk Joel Armia 40 1 2 2
2 Josh Norris Pavol Regenda Kasper Bjorkqvist 30 1 2 2
3 Filip Chlapik Milos Kelemen Jack Quinn 20 1 2 2
4 Gage Goncalves Ty Smilanic Dylan Peterson 10 1 2 2
5 vs 5 Defense
Defense Defense Time % Phy DF OF
1 Olli Juolevi Reilly Walsh 40 1 2 2
2 Ian Mitchell Sean Durzi 30 1 2 2
3 Josh Wesley Tobias Bjornfot 20 1 2 2
4 Matt Kessel Olli Juolevi 10 1 2 2
PowerPlay Forward
Center Left Wing Right Wing Time % Phy DF OF
1 Lucas Wallmark Hunter Shinkaruk Joel Armia 60 1 2 2
2 Josh Norris Pavol Regenda Kasper Bjorkqvist 40 1 2 2
PowerPlay Defense
Defense Defense Time % Phy DF OF
1 Olli Juolevi Reilly Walsh 60 1 2 2
2 Ian Mitchell Sean Durzi 40 1 2 2
Penalty Kill 4 Players Forward
Center Wing Time % Phy DF OF
1 Joel Armia Hunter Shinkaruk 60 1 2 2
2 Kasper Bjorkqvist Lucas Wallmark 40 1 2 2
Penalty Kill 4 Players Defense
Defense Defense Time % Phy DF OF
1 Olli Juolevi Reilly Walsh 60 1 2 2
2 Ian Mitchell Sean Durzi 40 1 2 2
Penalty Kill - 3 Players Forward
Forward Time % Phy DF OF
1 Joel Armia 60 1 2 2
2 Hunter Shinkaruk 40 1 2 2
Penalty Kill - 3 Players Defense
Defense Defense Time % Phy DF OF
1 Olli Juolevi Reilly Walsh 60 1 2 2
2 Ian Mitchell Sean Durzi 40 1 2 2
4 vs 4 Forward
Center Wing Time % Phy DF OF
1 Joel Armia Hunter Shinkaruk 60 1 2 2
2 Kasper Bjorkqvist Lucas Wallmark 40 1 2 2
4 vs 4 Defense
Defense Defense Time % Phy DF OF
1 Olli Juolevi Reilly Walsh 60 1 2 2
2 Ian Mitchell Sean Durzi 40 1 2 2
Last Minutes Offensive
Center Left Wing Right Wing Defense Defense
Lucas Wallmark Hunter Shinkaruk Joel Armia Olli Juolevi Reilly Walsh
Last Minutes Defensive
Center Left Wing Right Wing Defense Defense
Lucas Wallmark Hunter Shinkaruk Joel Armia Olli Juolevi Reilly Walsh
Goaltenders
Starting : Zachary Emond
Backup : Tristan Jarry
Extra Forwards
Normal : Mark Kastelic, Milos Kelemen, Jack Quinn - PP : Mark Kastelic, Milos Kelemen - PK : Jack Quinn
Extra Defensemen
Normal : Josh Wesley, Tobias Bjornfot, Matt Kessel - PP : Josh Wesley - PK : Tobias Bjornfot, Matt Kessel
Penalty Shots
Joel Armia, Hunter Shinkaruk, Kasper Bjorkqvist, Lucas Wallmark, Josh Norris
Custom OT Lines Forwards
Joel Armia, Hunter Shinkaruk, Kasper Bjorkqvist, Lucas Wallmark, Josh Norris, Pavol Regenda, Milos Kelemen, Jack Quinn, Filip Chlapik, Gage Goncalves
Custom OT Lines Defensemen
Olli Juolevi, Reilly Walsh, Ian Mitchell, Sean Durzi, Josh Wesley
Scratches
Bokondji Imama (Healthy), Carl Dahlstrom (Concussion Injury), Brandon Coe (Healthy), Ruslan Iskhakov (Healthy), Maxim Groshev (Healthy)
Theo Rochette (Healthy), Nolan Vesey (Upper Body Injury), Grant Hutton (Healthy), Sergei Zborovskiy (Healthy), Carsen Twarynski (Healthy)
Libor Hajek (Healthy), Henry Thrun (Healthy), Patrick Moynihan (Healthy), Jack Malone (Healthy), Alexis Gravel (Healthy)
Icehogs
5 vs 5 Forward
Center Left Wing Right Wing Time % Phy DF OF
1 Dillon Dube Sergey Tolchinsky Nikita Scherbak 40 1 2 2
2 Andrew Poturalski Nils Hoglander JJ. Piccinich 30 1 2 2
3 Connor Zary Gabriel Fortier Mitchell Chaffee 20 1 2 2
4 Clark Bishop Max Jones Jaedon Descheneau 10 1 2 2
5 vs 5 Defense
Defense Defense Time % Phy DF OF
1 Julius Honka Jeremy Davies 40 1 2 2
2 Calle Andersson Zach Whitecloud 30 1 2 2
3 Declan Chisholm Eamon Powell 20 1 2 2
4 Nikita Okhotyuk Julius Honka 10 1 2 2
PowerPlay Forward
Center Left Wing Right Wing Time % Phy DF OF
1 Dillon Dube Sergey Tolchinsky Nikita Scherbak 60 1 2 2
2 Andrew Poturalski Nils Hoglander JJ. Piccinich 40 1 2 2
PowerPlay Defense
Defense Defense Time % Phy DF OF
1 Julius Honka Jeremy Davies 60 1 2 2
2 Calle Andersson Zach Whitecloud 40 1 2 2
Penalty Kill 4 Players Forward
Center Wing Time % Phy DF OF
1 Dillon Dube Sergey Tolchinsky 60 1 2 2
2 Andrew Poturalski Nils Hoglander 40 1 2 2
Penalty Kill 4 Players Defense
Defense Defense Time % Phy DF OF
1 Julius Honka Jeremy Davies 60 1 2 2
2 Calle Andersson Zach Whitecloud 40 1 2 2
Penalty Kill - 3 Players Forward
Forward Time % Phy DF OF
1 Dillon Dube 60 1 2 2
2 Andrew Poturalski 40 1 2 2
Penalty Kill - 3 Players Defense
Defense Defense Time % Phy DF OF
1 Julius Honka Jeremy Davies 60 1 2 2
2 Calle Andersson Zach Whitecloud 40 1 2 2
4 vs 4 Forward
Center Wing Time % Phy DF OF
1 Dillon Dube Sergey Tolchinsky 60 1 2 2
2 Andrew Poturalski Nils Hoglander 40 1 2 2
4 vs 4 Defense
Defense Defense Time % Phy DF OF
1 Julius Honka Jeremy Davies 60 1 2 2
2 Calle Andersson Zach Whitecloud 40 1 2 2
Last Minutes Offensive
Center Left Wing Right Wing Defense Defense
Dillon Dube Sergey Tolchinsky Nikita Scherbak Julius Honka Jeremy Davies
Last Minutes Defensive
Center Left Wing Right Wing Defense Defense
Dillon Dube Sergey Tolchinsky Nikita Scherbak Julius Honka Jeremy Davies
Goaltenders
Starting : Mackenzie Blackwood
Backup : Oscar Dansk
Extra Forwards
Normal : Nils Hoglander, Gabriel Fortier, JJ. Piccinich - PP : Nils Hoglander, Gabriel Fortier - PK : Nils Hoglander
Extra Defensemen
Normal : Declan Chisholm, Eamon Powell, Nikita Okhotyuk - PP : Declan Chisholm - PK : Declan Chisholm, Eamon Powell
Penalty Shots
Sergey Tolchinsky, Dillon Dube, Nikita Scherbak, Andrew Poturalski, Nils Hoglander
Custom OT Lines Forwards
Sergey Tolchinsky, Dillon Dube, Nikita Scherbak, Andrew Poturalski, Nils Hoglander, Gabriel Fortier, JJ. Piccinich, Max Jones, Connor Zary, Clark Bishop
Custom OT Lines Defensemen
Julius Honka, Jeremy Davies, Calle Andersson, Zach Whitecloud, Declan Chisholm
Scratches
Kristian Reichel (Healthy), Jackson Cates (Healthy), Antoine Morand (Healthy), Jesper Vikman (Healthy), Petr Kvaca (Healthy)
% Time on Ice - Admirals
Lines # - Real PCT - Wanted PCT - Time Play
Normal Forward
1 - 36% - 40% - 18:16
2 - 28% - 30% - 14:11
3 - 24% - 20% - 12:09
4 - 13% - 10% - 6:42
Normal Defense
1 - 38% - 40% - 19:25
2 - 34% - 30% - 17:17
3 - 23% - 20% - 11:38
4 - 6% - 10% - 2:58
PP Forward
1 - 56% - 60% - 2:16
2 - 44% - 40% - 1:49
PP Defense
1 - 53% - 60% - 2:09
2 - 47% - 40% - 1:56
PK Forward
1 - 83% - 60% - 3:50
2 - 17% - 40% - 0:47
PK Defense
1 - 47% - 60% - 2:10
2 - 53% - 40% - 2:27
PK3 Forward
1 - 0% - 60%
2 - 0% - 40%
PK3 Defense
1 - 0% - 60%
2 - 0% - 40%
44 Forward
1 - 0% - 60%
2 - 0% - 40%
44 Defense
1 - 0% - 60%
2 - 0% - 40%
Last Minute Offensive - 0:00
Last Minute Defensive - 0:00
Total
Forward - 60:00
Defense - 60:00
|
% Time on Ice - Icehogs
Lines # - Real PCT - Wanted PCT - Time Play
Normal Forward
1 - 35% - 40% - 18:11
2 - 28% - 30% - 14:34
3 - 22% - 20% - 11:18
4 - 14% - 10% - 7:15
Normal Defense
1 - 36% - 40% - 18:22
2 - 31% - 30% - 15:55
3 - 24% - 20% - 12:32
4 - 9% - 10% - 4:29
PP Forward
1 - 57% - 60% - 2:37
2 - 43% - 40% - 2:00
PP Defense
1 - 64% - 60% - 2:58
2 - 36% - 40% - 1:39
PK Forward
1 - 73% - 60% - 3:00
2 - 27% - 40% - 1:05
PK Defense
1 - 53% - 60% - 2:09
2 - 47% - 40% - 1:56
PK3 Forward
1 - 0% - 60%
2 - 0% - 40%
PK3 Defense
1 - 0% - 60%
2 - 0% - 40%
44 Forward
1 - 0% - 60%
2 - 0% - 40%
44 Defense
1 - 0% - 60%
2 - 0% - 40%
Last Minute Offensive - 0:00
Last Minute Defensive - 0:00
Total
Forward - 60:00
Defense - 60:00
|
Play-by-Play
1st period
0:01 of 1st period - Lucas Wallmark wins face-off versus Dillon Dube in neutral zone.
0:41 of 1st period - Minor Penalty to Josh Norris for Elbowing.
0:42 of 1st period - Joel Armia wins face-off versus Nikita Scherbak in Admirals zone.
0:55 of 1st period - Snap shot by Sergey Tolchinsky.
0:55 of 1st period - Stopped by Zachary Emond with a rebound.
0:57 of 1st period - Slapshot by Julius Honka.
0:57 of 1st period - Shot Blocked by Sean Durzi.
1:12 of 1st period - Off-side.
1:13 of 1st period - Dillon Dube wins face-off versus Kasper Bjorkqvist in neutral zone.
1:20 of 1st period - Snap shot by Nikita Scherbak.
1:20 of 1st period - Deflect By Sergey Tolchinsky.
1:20 of 1st period - Goal by Sergey Tolchinsky - Admirals : 0 - Icehogs : 1.
1:21 of 1st period - Filip Chlapik wins face-off versus Connor Zary in neutral zone.
1:32 of 1st period - Slapshot by Ian Mitchell.
1:32 of 1st period - Stopped by Mackenzie Blackwood without a rebound.
1:33 of 1st period - Dillon Dube wins face-off versus Lucas Wallmark in Icehogs zone.
1:33 of 1st period - Dillon Dube is hit by Hunter Shinkaruk.
1:41 of 1st period - Snap shot by Dillon Dube.
1:41 of 1st period - Shot Blocked by Josh Wesley.
2:48 of 1st period - Wrist shot by Connor Zary.
2:48 of 1st period - Shot Misses the Net.
3:05 of 1st period - Wrist shot by Hunter Shinkaruk.
3:05 of 1st period - Deflect By Jeremy Davies.
3:05 of 1st period - Goal by Hunter Shinkaruk - Admirals : 1 - Icehogs : 1.
3:06 of 1st period - Lucas Wallmark wins face-off versus Dillon Dube in neutral zone.
3:58 of 1st period - Filip Chlapik is hit by Nikita Okhotyuk and loses puck.
4:25 of 1st period - Sean Durzi is hit by Connor Zary.
4:53 of 1st period - Wrist shot by Lucas Wallmark.
4:53 of 1st period - Deflect By Julius Honka.
4:53 of 1st period - Shot Misses the Net.
4:53 of 1st period - Puck is out of play.
4:54 of 1st period - Dillon Dube wins face-off versus Josh Norris in Icehogs zone.
5:01 of 1st period - Reilly Walsh is hit by Dillon Dube and loses puck.
5:20 of 1st period - JJ. Piccinich is hit by Hunter Shinkaruk.
5:46 of 1st period - Snap shot by Milos Kelemen.
5:46 of 1st period - Deflect By Jack Quinn.
5:46 of 1st period - Stopped by Mackenzie Blackwood without a rebound.
5:47 of 1st period - Sergey Tolchinsky wins face-off versus Lucas Wallmark in Icehogs zone.
5:58 of 1st period - Wrist shot by Dillon Dube.
5:58 of 1st period - Shot Misses the Net.
6:41 of 1st period - Connor Zary is hit by Ian Mitchell and loses puck.
7:23 of 1st period - Olli Juolevi is hit by Sergey Tolchinsky and loses puck.
7:34 of 1st period - Lucas Wallmark is hit by Dillon Dube and loses puck.
7:50 of 1st period - Eamon Powell is hit by Pavol Regenda and loses puck.
7:55 of 1st period - Snap shot by Josh Norris.
7:55 of 1st period - Deflect By Andrew Poturalski.
7:55 of 1st period - Stopped by Mackenzie Blackwood without a rebound.
7:56 of 1st period - Dillon Dube wins face-off versus Josh Norris in Icehogs zone.
9:05 of 1st period - Snap shot by Clark Bishop.
9:05 of 1st period - Stopped by Zachary Emond with a rebound.
9:07 of 1st period - Snap shot by Clark Bishop.
9:07 of 1st period - Stopped by Zachary Emond with a rebound.
9:21 of 1st period - Snap shot by Nikita Scherbak.
9:21 of 1st period - Shot Misses the Net.
9:46 of 1st period - Wrist shot by Joel Armia.
9:46 of 1st period - Stopped by Mackenzie Blackwood without a rebound.
9:47 of 1st period - Andrew Poturalski wins face-off versus Lucas Wallmark in Icehogs zone.
9:47 of 1st period - Andrew Poturalski is hit by Hunter Shinkaruk.
9:55 of 1st period - Snap shot by Andrew Poturalski.
9:55 of 1st period - Shot Misses the Net.
9:57 of 1st period - Snap shot by Andrew Poturalski.
9:57 of 1st period - Stopped by Zachary Emond with a rebound.
9:59 of 1st period - Wrist shot by Nils Hoglander.
9:59 of 1st period - Shot Misses the Net.
10:56 of 1st period - Slapshot by JJ. Piccinich.
10:56 of 1st period - Deflect By Nils Hoglander.
10:56 of 1st period - Stopped by Zachary Emond without a rebound.
10:57 of 1st period - Gage Goncalves wins face-off versus Andrew Poturalski in Admirals zone.
11:21 of 1st period - Icing by Andrew Poturalski.
11:22 of 1st period - Lucas Wallmark wins face-off versus Dillon Dube in Icehogs zone.
11:23 of 1st period - Backhand shot by Joel Armia.
11:23 of 1st period - Stopped by Mackenzie Blackwood without a rebound.
11:24 of 1st period - Hunter Shinkaruk wins face-off versus Nikita Scherbak in Icehogs zone.
11:25 of 1st period - Wrist shot by Joel Armia.
11:25 of 1st period - Shot Misses the Net.
11:27 of 1st period - Slapshot by Joel Armia.
11:27 of 1st period - Shot Blocked by Calle Andersson.
11:49 of 1st period - Mitchell Chaffee is hit by Pavol Regenda.
11:55 of 1st period - Slapshot by Gabriel Fortier.
11:55 of 1st period - Shot Misses the Net.
12:19 of 1st period - Wrist shot by Milos Kelemen.
12:19 of 1st period - Shot Blocked by Jeremy Davies.
12:21 of 1st period - Snap shot by Milos Kelemen.
12:21 of 1st period - Stopped by Mackenzie Blackwood without a rebound.
12:22 of 1st period - Lucas Wallmark wins face-off versus Dillon Dube in Icehogs zone.
12:54 of 1st period - Josh Norris is hit by Connor Zary and loses puck.
13:21 of 1st period - Slapshot by Sean Durzi.
13:21 of 1st period - Deflect By Milos Kelemen.
13:21 of 1st period - Stopped by Mackenzie Blackwood with a rebound.
13:23 of 1st period - Snap shot by Filip Chlapik.
13:23 of 1st period - Goal by Filip Chlapik - Admirals : 2 - Icehogs : 1.
13:24 of 1st period - Dillon Dube wins face-off versus Lucas Wallmark in neutral zone.
13:28 of 1st period - Wrist shot by Sergey Tolchinsky.
13:28 of 1st period - Shot Blocked by Olli Juolevi.
13:30 of 1st period - Backhand shot by Nikita Scherbak.
13:30 of 1st period - Shot Misses the Net.
14:30 of 1st period - Connor Zary is hit by Tobias Bjornfot and loses puck.
14:38 of 1st period - Off-side.
14:39 of 1st period - Dillon Dube wins face-off versus Joel Armia in neutral zone.
14:46 of 1st period - Sergey Tolchinsky is hit by Lucas Wallmark and loses puck.
14:51 of 1st period - Wrist shot by Joel Armia.
14:51 of 1st period - Stopped by Mackenzie Blackwood with a rebound.
14:53 of 1st period - Snap shot by Lucas Wallmark.
14:53 of 1st period - Stopped by Mackenzie Blackwood with a rebound.
15:13 of 1st period - Josh Norris is hit by Gabriel Fortier and loses puck.
15:28 of 1st period - Snap shot by Jack Quinn.
15:28 of 1st period - Stopped by Mackenzie Blackwood with a rebound.
15:30 of 1st period - Snap shot by Milos Kelemen.
15:30 of 1st period - Shot Blocked by JJ. Piccinich.
15:32 of 1st period - Snap shot by Josh Wesley.
15:32 of 1st period - Shot Misses the Net.
15:46 of 1st period - Dylan Peterson is hit by Max Jones and loses puck.
16:31 of 1st period - Wrist shot by Joel Armia.
16:31 of 1st period - Stopped by Mackenzie Blackwood without a rebound.
16:32 of 1st period - Josh Norris wins face-off versus Connor Zary in Icehogs zone.
16:47 of 1st period - Slapshot by Connor Zary.
16:47 of 1st period - Shot Misses the Net.
17:36 of 1st period - Slapshot by Jaedon Descheneau.
17:36 of 1st period - Shot Blocked by Olli Juolevi.
17:38 of 1st period - Snap shot by Zach Whitecloud.
17:38 of 1st period - Stopped by Zachary Emond without a rebound.
17:39 of 1st period - Clark Bishop wins face-off versus Gage Goncalves in Admirals zone.
17:40 of 1st period - Wrist shot by Max Jones.
17:40 of 1st period - Deflect By Sean Durzi.
17:40 of 1st period - Shot Blocked by Sean Durzi.
17:40 of 1st period - Puck is out of play.
17:41 of 1st period - Dillon Dube wins face-off versus Gage Goncalves in Admirals zone.
17:59 of 1st period - Off-side.
18:00 of 1st period - Andrew Poturalski wins face-off versus Lucas Wallmark in neutral zone.
18:09 of 1st period - Snap shot by Joel Armia.
18:09 of 1st period - Shot Misses the Net.
18:11 of 1st period - Slapshot by Josh Wesley.
18:11 of 1st period - Goal by Josh Wesley - Admirals : 3 - Icehogs : 1.
18:12 of 1st period - Dillon Dube wins face-off versus Lucas Wallmark in neutral zone.
18:22 of 1st period - Snap shot by Dillon Dube.
18:22 of 1st period - Shot Blocked by Reilly Walsh.
18:51 of 1st period - Backhand shot by Pavol Regenda.
18:51 of 1st period - Stopped by Mackenzie Blackwood without a rebound.
18:52 of 1st period - Filip Chlapik wins face-off versus Connor Zary in Icehogs zone.
18:56 of 1st period - Minor Penalty to Nikita Okhotyuk for Delaying the game.
18:57 of 1st period - Lucas Wallmark wins face-off versus Dillon Dube in Icehogs zone.
19:03 of 1st period - Snap shot by Joel Armia.
19:03 of 1st period - Goal by Joel Armia - Admirals : 4 - Icehogs : 1.
19:03 of 1st period - Oscar Dansk enters game.
19:04 of 1st period - Dillon Dube wins face-off versus Lucas Wallmark in neutral zone.
19:09 of 1st period - Snap shot by Dillon Dube.
19:09 of 1st period - Deflect By Sergey Tolchinsky.
19:09 of 1st period - Shot Misses the Net.
19:09 of 1st period - Puck is out of play.
19:10 of 1st period - Dillon Dube wins face-off versus Lucas Wallmark in Admirals zone.
19:11 of 1st period - Snap shot by Sergey Tolchinsky.
19:11 of 1st period - Deflect By Dillon Dube.
19:11 of 1st period - Shot Misses the Net.
19:11 of 1st period - Puck is out of play.
19:12 of 1st period - Nikita Scherbak wins face-off versus Lucas Wallmark in Admirals zone.
19:19 of 1st period - Wrist shot by Sergey Tolchinsky.
19:19 of 1st period - Shot Misses the Net.
Goals for this period are 4 for Admirals vs 1 for Icehogs.
Shots for this period are 16 for Admirals vs 7 for Icehogs.
2nd period
0:01 of 2nd period - Lucas Wallmark wins face-off versus Dillon Dube in neutral zone.
0:14 of 2nd period - Snap shot by Lucas Wallmark.
0:14 of 2nd period - Stopped by Oscar Dansk without a rebound.
0:15 of 2nd period - Josh Norris wins face-off versus Connor Zary in Icehogs zone.
0:16 of 2nd period - Slapshot by Kasper Bjorkqvist.
0:16 of 2nd period - Stopped by Oscar Dansk without a rebound.
0:17 of 2nd period - Connor Zary wins face-off versus Josh Norris in Icehogs zone.
0:22 of 2nd period - Mitchell Chaffee is hit by Josh Norris and loses puck.
0:49 of 2nd period - Hunter Shinkaruk is hit by Julius Honka and loses puck.
1:02 of 2nd period - Minor Penalty to JJ. Piccinich for High sticking.
1:03 of 2nd period - Lucas Wallmark wins face-off versus Dillon Dube in Icehogs zone.
2:24 of 2nd period - Olli Juolevi is hit by Zach Whitecloud and loses puck.
3:02 of 2nd period - Penalty to JJ. Piccinich is over, JJ. Piccinich is back on ice.
3:46 of 2nd period - Off-side.
3:47 of 2nd period - Filip Chlapik wins face-off versus Dillon Dube in neutral zone.
4:10 of 2nd period - Snap shot by Connor Zary.
4:10 of 2nd period - Shot Misses the Net.
4:12 of 2nd period - Wrist shot by Gabriel Fortier.
4:12 of 2nd period - Stopped by Zachary Emond with a rebound.
4:14 of 2nd period - Wrist shot by Eamon Powell.
4:14 of 2nd period - Shot Misses the Net.
4:28 of 2nd period - Wrist shot by Andrew Poturalski.
4:28 of 2nd period - Goal by Andrew Poturalski - Admirals : 4 - Icehogs : 2.
4:29 of 2nd period - Dillon Dube wins face-off versus Lucas Wallmark in neutral zone.
5:01 of 2nd period - Minor Penalty to Sean Durzi for Slashing.
5:02 of 2nd period - Andrew Poturalski wins face-off versus Joel Armia in Admirals zone.
5:10 of 2nd period - Snap shot by Nils Hoglander.
5:10 of 2nd period - Shot Misses the Net.
6:10 of 2nd period - JJ. Piccinich is hit by Lucas Wallmark and loses puck.
6:35 of 2nd period - Hunter Shinkaruk is hit by Julius Honka.
7:01 of 2nd period - Penalty to Sean Durzi is over, Sean Durzi is back on ice.
7:11 of 2nd period - Jeremy Davies is hit by Ty Smilanic and loses puck.
7:46 of 2nd period - Snap shot by Josh Norris.
7:46 of 2nd period - Shot Misses the Net.
8:32 of 2nd period - Pavol Regenda is hit by JJ. Piccinich and loses puck.
9:21 of 2nd period - Lucas Wallmark is hit by Connor Zary and loses puck.
9:49 of 2nd period - Snap shot by Milos Kelemen.
9:49 of 2nd period - Stopped by Oscar Dansk without a rebound.
9:50 of 2nd period - Dillon Dube wins face-off versus Filip Chlapik in Icehogs zone.
10:18 of 2nd period - Wrist shot by Lucas Wallmark.
10:18 of 2nd period - Deflect By Hunter Shinkaruk.
10:18 of 2nd period - Shot Misses the Net.
10:18 of 2nd period - Puck is out of play.
10:19 of 2nd period - Lucas Wallmark wins face-off versus Andrew Poturalski in Icehogs zone.
10:42 of 2nd period - Nils Hoglander is hit by Joel Armia and loses puck.
11:02 of 2nd period - Joel Armia is hit by JJ. Piccinich and loses puck.
11:11 of 2nd period - Eamon Powell is hit by Hunter Shinkaruk and loses puck.
11:34 of 2nd period - Snap shot by Hunter Shinkaruk.
11:34 of 2nd period - Stopped by Oscar Dansk with a rebound.
11:36 of 2nd period - Wrist shot by Joel Armia.
11:36 of 2nd period - Stopped by Oscar Dansk with a rebound.
11:38 of 2nd period - Wrist shot by Hunter Shinkaruk.
11:38 of 2nd period - Stopped by Oscar Dansk with a rebound.
11:40 of 2nd period - Wrist shot by Joel Armia.
11:40 of 2nd period - Stopped by Oscar Dansk without a rebound.
11:41 of 2nd period - Josh Norris wins face-off versus Dillon Dube in Icehogs zone.
12:08 of 2nd period - Milos Kelemen is hit by Julius Honka and loses puck.
12:33 of 2nd period - Wrist shot by Max Jones.
12:33 of 2nd period - Shot Blocked by Reilly Walsh.
12:35 of 2nd period - Slapshot by Zach Whitecloud.
12:35 of 2nd period - Stopped by Zachary Emond with a rebound.
12:37 of 2nd period - Slapshot by Calle Andersson.
12:37 of 2nd period - Shot Misses the Net.
12:51 of 2nd period - Slapshot by Kasper Bjorkqvist.
12:51 of 2nd period - Shot Misses the Net.
12:53 of 2nd period - Slapshot by Reilly Walsh.
12:53 of 2nd period - Deflect By Pavol Regenda.
12:53 of 2nd period - Goal by Pavol Regenda - Admirals : 5 - Icehogs : 2.
12:54 of 2nd period - Dillon Dube wins face-off versus Josh Norris in neutral zone.
13:03 of 2nd period - Wrist shot by Nikita Scherbak.
13:03 of 2nd period - Stopped by Zachary Emond with a rebound.
13:05 of 2nd period - Wrist shot by Nikita Scherbak.
13:05 of 2nd period - Shot Misses the Net.
13:07 of 2nd period - Wrist shot by Sergey Tolchinsky.
13:07 of 2nd period - Shot Blocked by Kasper Bjorkqvist.
13:09 of 2nd period - Snap shot by Jeremy Davies.
13:09 of 2nd period - Shot Blocked by Ian Mitchell.
13:19 of 2nd period - Julius Honka is hit by Sean Durzi.
14:05 of 2nd period - Slapshot by Tobias Bjornfot.
14:05 of 2nd period - Shot Misses the Net.
14:07 of 2nd period - Slapshot by Josh Wesley.
14:07 of 2nd period - Stopped by Oscar Dansk with a rebound.
14:09 of 2nd period - Slapshot by Ty Smilanic.
14:09 of 2nd period - Stopped by Oscar Dansk with a rebound.
14:11 of 2nd period - Slapshot by Josh Wesley.
14:11 of 2nd period - Stopped by Oscar Dansk with a rebound.
14:13 of 2nd period - Slapshot by Ty Smilanic.
14:13 of 2nd period - Shot Misses the Net.
14:15 of 2nd period - Wrist shot by Gage Goncalves.
14:15 of 2nd period - Goal by Gage Goncalves - Admirals : 6 - Icehogs : 2.
14:16 of 2nd period - Dillon Dube wins face-off versus Lucas Wallmark in neutral zone.
14:43 of 2nd period - Kasper Bjorkqvist is hit by Nils Hoglander and loses puck.
15:06 of 2nd period - Snap shot by Connor Zary.
15:06 of 2nd period - Shot Blocked by Sean Durzi.
15:08 of 2nd period - Snap shot by Clark Bishop.
15:08 of 2nd period - Stopped by Zachary Emond with a rebound.
15:10 of 2nd period - Snap shot by Max Jones.
15:10 of 2nd period - Stopped by Zachary Emond with a rebound.
15:12 of 2nd period - Snap shot by Jaedon Descheneau.
15:12 of 2nd period - Shot Misses the Net.
15:32 of 2nd period - Wrist shot by Gabriel Fortier.
15:32 of 2nd period - Stopped by Zachary Emond with a rebound.
15:34 of 2nd period - Snap shot by Connor Zary.
15:34 of 2nd period - Deflect By Gabriel Fortier.
15:34 of 2nd period - Stopped by Zachary Emond with a rebound.
15:36 of 2nd period - Slapshot by Jeremy Davies.
15:36 of 2nd period - Stopped by Zachary Emond with a rebound.
15:46 of 2nd period - Sean Durzi is hit by Jeremy Davies and loses puck.
16:09 of 2nd period - Snap shot by Pavol Regenda.
16:09 of 2nd period - Shot Misses the Net.
16:11 of 2nd period - Snap shot by Josh Norris.
16:11 of 2nd period - Shot Misses the Net.
16:13 of 2nd period - Snap shot by Pavol Regenda.
16:13 of 2nd period - Stopped by Oscar Dansk with a rebound.
16:15 of 2nd period - Wrist shot by Kasper Bjorkqvist.
16:15 of 2nd period - Deflect By Josh Norris.
16:15 of 2nd period - Shot Misses the Net.
16:15 of 2nd period - Puck is out of play.
16:16 of 2nd period - Dillon Dube wins face-off versus Lucas Wallmark in Icehogs zone.
16:21 of 2nd period - Tobias Bjornfot is hit by Declan Chisholm and loses puck.
16:54 of 2nd period - Slapshot by Kasper Bjorkqvist.
16:54 of 2nd period - Shot Misses the Net.
17:09 of 2nd period - Off-side.
17:10 of 2nd period - Hunter Shinkaruk wins face-off versus Dillon Dube in neutral zone.
17:10 of 2nd period - Hunter Shinkaruk is hit by Nikita Scherbak.
17:26 of 2nd period - Snap shot by Joel Armia.
17:26 of 2nd period - Stopped by Oscar Dansk with a rebound.
18:40 of 2nd period - Slapshot by Ian Mitchell.
18:40 of 2nd period - Shot Misses the Net.
18:42 of 2nd period - Slapshot by Ian Mitchell.
18:42 of 2nd period - Stopped by Oscar Dansk without a rebound.
18:43 of 2nd period - Connor Zary wins face-off versus Lucas Wallmark in Icehogs zone.
18:43 of 2nd period - Connor Zary is hit by Reilly Walsh.
19:07 of 2nd period - Snap shot by Joel Armia.
19:07 of 2nd period - Shot Misses the Net.
19:09 of 2nd period - Snap shot by Lucas Wallmark.
19:09 of 2nd period - Shot Misses the Net.
19:11 of 2nd period - Snap shot by Lucas Wallmark.
19:11 of 2nd period - Shot Blocked by Eamon Powell.
19:13 of 2nd period - Slapshot by Lucas Wallmark.
19:13 of 2nd period - Shot Misses the Net.
19:15 of 2nd period - Snap shot by Lucas Wallmark.
19:15 of 2nd period - Goal by Lucas Wallmark - Admirals : 7 - Icehogs : 2.
19:16 of 2nd period - Filip Chlapik wins face-off versus Dillon Dube in neutral zone.
19:21 of 2nd period - Jeremy Davies is hit by Reilly Walsh and loses puck.
19:59 of 2nd period - Slapshot by Tobias Bjornfot.
19:59 of 2nd period - Stopped by Oscar Dansk with a rebound.
Goals for this period are 3 for Admirals vs 1 for Icehogs.
Shots for this period are 17 for Admirals vs 9 for Icehogs.
3rd period
0:01 of 3rd period - Lucas Wallmark wins face-off versus Dillon Dube in neutral zone.
0:12 of 3rd period - Wrist shot by Lucas Wallmark.
0:12 of 3rd period - Stopped by Oscar Dansk with a rebound.
0:14 of 3rd period - Snap shot by Hunter Shinkaruk.
0:14 of 3rd period - Deflect By Lucas Wallmark.
0:14 of 3rd period - Stopped by Oscar Dansk with a rebound.
0:23 of 3rd period - Icing by Jeremy Davies.
0:24 of 3rd period - Andrew Poturalski wins face-off versus Josh Norris in Icehogs zone.
0:29 of 3rd period - Ian Mitchell is hit by Andrew Poturalski.
1:15 of 3rd period - Wrist shot by Connor Zary.
1:15 of 3rd period - Shot Blocked by Jack Quinn.
1:17 of 3rd period - Snap shot by Connor Zary.
1:17 of 3rd period - Shot Misses the Net.
1:19 of 3rd period - Wrist shot by Gabriel Fortier.
1:19 of 3rd period - Stopped by Zachary Emond without a rebound.
1:20 of 3rd period - Dillon Dube wins face-off versus Josh Norris in Admirals zone.
1:21 of 3rd period - Wrist shot by Sergey Tolchinsky.
1:21 of 3rd period - Shot Blocked by Kasper Bjorkqvist.
1:26 of 3rd period - Kasper Bjorkqvist is hit by Dillon Dube and loses puck.
3:00 of 3rd period - Julius Honka is hit by Pavol Regenda and loses puck.
3:03 of 3rd period - Backhand shot by Dillon Dube.
3:03 of 3rd period - Deflect By Nikita Scherbak.
3:03 of 3rd period - Stopped by Zachary Emond with a rebound.
3:05 of 3rd period - Snap shot by Dillon Dube.
3:05 of 3rd period - Goal by Dillon Dube - Admirals : 7 - Icehogs : 3.
3:06 of 3rd period - Dillon Dube wins face-off versus Lucas Wallmark in neutral zone.
3:57 of 3rd period - Slapshot by Connor Zary.
3:57 of 3rd period - Deflect By Mitchell Chaffee.
3:57 of 3rd period - Shot Blocked by Tobias Bjornfot.
3:57 of 3rd period - Puck is out of play.
3:58 of 3rd period - Connor Zary wins face-off versus Gage Goncalves in Admirals zone.
4:03 of 3rd period - Snap shot by Connor Zary.
4:03 of 3rd period - Stopped by Zachary Emond with a rebound.
4:05 of 3rd period - Slapshot by Julius Honka.
4:05 of 3rd period - Shot Misses the Net.
4:07 of 3rd period - Slapshot by Jeremy Davies.
4:07 of 3rd period - Stopped by Zachary Emond with a rebound.
4:09 of 3rd period - Snap shot by Gabriel Fortier.
4:09 of 3rd period - Stopped by Zachary Emond without a rebound.
4:10 of 3rd period - Dillon Dube wins face-off versus Lucas Wallmark in Admirals zone.
4:37 of 3rd period - Kasper Bjorkqvist is hit by JJ. Piccinich and loses puck.
5:25 of 3rd period - Slapshot by Max Jones.
5:25 of 3rd period - Shot Misses the Net.
5:41 of 3rd period - Lucas Wallmark is hit by Eamon Powell and loses puck.
6:18 of 3rd period - Slapshot by Nikita Scherbak.
6:18 of 3rd period - Shot Misses the Net.
6:24 of 3rd period - Sean Durzi is hit by Eamon Powell and loses puck.
6:31 of 3rd period - Slapshot by Ian Mitchell.
6:31 of 3rd period - Stopped by Oscar Dansk without a rebound.
6:32 of 3rd period - Lucas Wallmark wins face-off versus Andrew Poturalski in Icehogs zone.
6:33 of 3rd period - Wrist shot by Joel Armia.
6:33 of 3rd period - Shot Misses the Net.
6:42 of 3rd period - Off-side.
6:43 of 3rd period - Andrew Poturalski wins face-off versus Lucas Wallmark in neutral zone.
6:46 of 3rd period - Ian Mitchell is hit by Andrew Poturalski and loses puck.
6:57 of 3rd period - Snap shot by JJ. Piccinich.
6:57 of 3rd period - Shot Blocked by Ian Mitchell.
7:16 of 3rd period - Wrist shot by Gabriel Fortier.
7:16 of 3rd period - Stopped by Zachary Emond with a rebound.
7:18 of 3rd period - Wrist shot by Connor Zary.
7:18 of 3rd period - Shot Misses the Net.
7:56 of 3rd period - Slapshot by Ian Mitchell.
7:56 of 3rd period - Stopped by Oscar Dansk without a rebound.
7:57 of 3rd period - Lucas Wallmark wins face-off versus Andrew Poturalski in Icehogs zone.
8:01 of 3rd period - Minor Penalty to JJ. Piccinich for Hooking.
8:02 of 3rd period - Dillon Dube wins face-off versus Lucas Wallmark in Icehogs zone.
8:32 of 3rd period - Slapshot by Olli Juolevi.
8:32 of 3rd period - Stopped by Oscar Dansk without a rebound.
8:33 of 3rd period - Lucas Wallmark wins face-off versus Dillon Dube in Icehogs zone.
9:11 of 3rd period - Pavol Regenda is hit by Andrew Poturalski and loses puck.
9:22 of 3rd period - Slapshot by Sean Durzi.
9:22 of 3rd period - Deflect By Jeremy Davies.
9:22 of 3rd period - Stopped by Oscar Dansk with a rebound.
10:01 of 3rd period - Penalty to JJ. Piccinich is over, JJ. Piccinich is back on ice.
11:11 of 3rd period - JJ. Piccinich is hit by Lucas Wallmark and loses puck.
11:26 of 3rd period - Snap shot by Ian Mitchell.
11:26 of 3rd period - Stopped by Oscar Dansk with a rebound.
11:36 of 3rd period - Backhand shot by JJ. Piccinich.
11:36 of 3rd period - Shot Misses the Net.
12:00 of 3rd period - Wrist shot by Andrew Poturalski.
12:00 of 3rd period - Deflect By Nils Hoglander.
12:00 of 3rd period - Shot Misses the Net.
12:00 of 3rd period - Puck is out of play.
12:01 of 3rd period - Dillon Dube wins face-off versus Lucas Wallmark in Admirals zone.
12:02 of 3rd period - Wrist shot by Sergey Tolchinsky.
12:02 of 3rd period - Stopped by Zachary Emond with a rebound.
12:08 of 3rd period - Nikita Scherbak is hit by Joel Armia and loses puck.
13:13 of 3rd period - Slapshot by Dillon Dube.
13:13 of 3rd period - Stopped by Zachary Emond with a rebound.
13:15 of 3rd period - Wrist shot by Sergey Tolchinsky.
13:15 of 3rd period - Shot Misses the Net.
13:27 of 3rd period - Gage Goncalves is hit by Gabriel Fortier and loses puck.
14:32 of 3rd period - Joel Armia is hit by Nikita Scherbak and loses puck.
14:49 of 3rd period - Minor Penalty to Hunter Shinkaruk for Interference.
14:50 of 3rd period - Joel Armia wins face-off versus Dillon Dube in Admirals zone.
16:48 of 3rd period - Calle Andersson is hit by Reilly Walsh and loses puck.
16:49 of 3rd period - Penalty to Hunter Shinkaruk is over, Hunter Shinkaruk is back on ice.
16:56 of 3rd period - Off-side.
16:57 of 3rd period - Filip Chlapik wins face-off versus Clark Bishop in neutral zone.
16:59 of 3rd period - Off-side.
17:00 of 3rd period - Clark Bishop wins face-off versus Filip Chlapik in neutral zone.
17:21 of 3rd period - Jack Quinn is hit by Eamon Powell and loses puck.
17:30 of 3rd period - Snap shot by Tobias Bjornfot.
17:30 of 3rd period - Stopped by Oscar Dansk with a rebound.
17:40 of 3rd period - Snap shot by Milos Kelemen.
17:40 of 3rd period - Goal by Milos Kelemen - Admirals : 8 - Icehogs : 3.
17:41 of 3rd period - Lucas Wallmark wins face-off versus Dillon Dube in neutral zone.
17:54 of 3rd period - Snap shot by Lucas Wallmark.
17:54 of 3rd period - Stopped by Oscar Dansk with a rebound.
18:16 of 3rd period - Wrist shot by Andrew Poturalski.
18:16 of 3rd period - Deflect By Nils Hoglander.
18:16 of 3rd period - Shot Misses the Net.
18:16 of 3rd period - Puck is out of play.
18:17 of 3rd period - Andrew Poturalski wins face-off versus Lucas Wallmark in Admirals zone.
18:46 of 3rd period - Zach Whitecloud is hit by Josh Norris and loses puck.
19:07 of 3rd period - Snap shot by Milos Kelemen.
19:07 of 3rd period - Shot Blocked by Connor Zary.
19:09 of 3rd period - Wrist shot by Jack Quinn.
19:09 of 3rd period - Stopped by Oscar Dansk with a rebound.
19:19 of 3rd period - Penalty Shot by Jeremy Davies for Icehogs.
19:19 of 3rd period - Wrist shot by Jeremy Davies.
19:19 of 3rd period - Stopped by Zachary Emond.
19:20 of 3rd period - Dillon Dube wins face-off versus Lucas Wallmark in Icehogs zone.
19:45 of 3rd period - Olli Juolevi is hit by Andrew Poturalski.
19:58 of 3rd period - Slapshot by Jeremy Davies.
19:58 of 3rd period - Stopped by Zachary Emond with a rebound.
Goals for this period are 1 for Admirals vs 1 for Icehogs.
Shots for this period are 11 for Admirals vs 10 for Icehogs.
Output by the SimonT Hockey Simulator (STHS) for Francois Prevost